 Dungeon Crawl Stone Soup version 0.30-a0-329-g85436e0a43 (webtiles) character file.

Game seed: 5047036673356213808

97 jlumianski the Trooper (level 4, -7/35 HPs)
             Began as a Demonspawn Fighter on Oct 28, 2022.
             Splashed by a jelly's acid (10 damage)
             ... on level 3 of the Dungeon.
             The game lasted 00:09:06 (2386 turns).

jlumianski the Trooper (Demonspawn Fighter)         Turns: 2386, Time: 00:09:06

Health: -7/35      AC:  1    Str: 18    XL:     4   Next: 42%
Magic:  4/4        EV:  7    Int:  9    God:
Gold:   129        SH:  8    Dex: 13    Spells: 3/3 levels left

rFire   . . .      SeeInvis .    a - +0 war axe
rCold   . . .      Faith    .    c - +0 buckler
rNeg    . . .      Spirit   .    p - +0 chain mail
rPois   .          Reflect  .    (no helmet)
rElec   .          Harm     .    (no cloak)
rCorr   .          Rampage  .    (no gloves)
Will    .....                    (no boots)
Stlth   ..........               (no amulet)
HPRegen 0.25/turn                e - ring of flight
MPRegen 0.09/turn                (no ring)

@: corroded, flying, hasted, very quick
A: condensation shield
a: no special abilities


You were on level 3 of the Dungeon.
You visited 1 branch of the dungeon, and saw 4 of its levels.

You collected 129 gold pieces.

Inventory:

Hand Weapons
 a - a +0 war axe (weapon)
 r - a +2 vorpal spear
Armour
 b - a +0 scale mail
 c - a +0 buckler (worn)
 f - a +0 pair of gloves
 h - a +0 cloak
 p - a +0 chain mail (worn)
Jewellery
 e - a ring of flight (left hand)
Scrolls
 j - 2 scrolls of blinking
 s - a scroll of teleportation
 t - a scroll of immolation {unknown}
Potions
 d - a potion of might
 g - a potion of curing
 i - a potion of cancellation
 l - a potion of degeneration {unknown}
 m - a potion of mutation
 n - 2 potions of heal wounds {unknown}
 o - a potion of invisibility {unknown}
 q - a potion of brilliance {unknown}


   Skills:
 + Level 3.4 Fighting
 + Level 3.1 Axes
 + Level 3.1 Armour
 + Level 0.5 Dodging
 + Level 0.1 Stealth
 + Level 3.0 Shields


You had 3 spell levels left.
You didn't know any spells.
Your spell library was empty.

Dungeon Overview and Level Annotations

Branches:
Dungeon (4/15)
 Temple: D:4-7

Altars:
Trog


Innate Abilities, Weirdness & Mutations

A meltable shield of frost defends you. (SH +4)


Message History

The jelly quivers.
You hit the dart slug.
The dart slug is moderately wounded.
The dart slug closely misses you.
You hit the dart slug but do no damage.
The dart slug is moderately wounded.
The dart slug bites you but does no damage.
You hit the dart slug but do no damage.
The dart slug is moderately wounded.
You block the dart slug's attack.
You slash the dart slug!
You kill the dart slug!
You see here a dart slug corpse.
The jelly hits you.
You are splashed with acid.
The jelly jiggles.
You hit the jelly but do no damage.
Your hands burn!
The jelly closely misses you.
You slash the jelly!
Your hands burn!
The jelly is moderately wounded.
You block the jelly's attack. The jelly hits you but does no damage.
You completely miss the jelly.
The jelly is moderately wounded.
The jelly hits you but does no damage.
You hit the jelly but do no damage. The acid corrodes you!
Your hands burn!
The jelly is moderately wounded.
The jelly hits you but does no damage. The jelly hits you.
The acid corrodes you!
You are splashed with acid!
* * * LOW HITPOINT WARNING * * *
You hit the jelly.
Your hands burn!
* * * LOW HITPOINT WARNING * * *
The jelly is heavily wounded.
The jelly hits you but does no damage.
You hit the jelly.
Your hands burn!
* * * LOW HITPOINT WARNING * * *
The jelly is heavily wounded.
The jelly closely misses you.
You feel yourself speed up. The jelly hits you.
* * * LOW HITPOINT WARNING * * *
You are splashed with acid!
You die...

........# #...##.#.##.#
.........#
#......#.##..
......#.##
#.#.##.#.##.#
......#.###
#.#.##.#.##.#
......#....###
#.#.##.#.##.#
######.......#
#.#.##.#..... #.......#
#.#.##.######
#.......###.#.......#
#.....@J†$..####..#####
#........#####...†....)
#.........# #.#..#####
#.........# #.#.......
#.........# # ###.####
#.........# ..
#.........# #..
##...###..+ ... ....


You could see a jelly.

Vanquished Creatures
  5 adders
  A dart slug (D:3)
  5 orcs
  4 endoplasms
  3 giant cockroaches
  3 goblins
  2 quokkas
  3 ball pythons
  4 bats
  5 frilled lizards
  7 kobolds
  A rat (D:1)
43 creatures vanquished.

Notes
Turn   | Place    | Note
-------+----------+-------------------------------------------
     0 | D:1      | jlumianski the Demonspawn Fighter began the quest for the
                  | Orb.
     0 | D:1      | Reached XP level 1. HP: 18/18 MP: 1/1
   223 | D:1      | Gained mutation: A meltable shield of frost defends you.
                  | (SH +4) [demonic ancestry]
   223 | D:1      | Reached XP level 2. HP: 21/24 MP: 2/2
   457 | D:2      | Reached XP level 3. HP: 14/29 MP: 3/3
   796 | D:1      | Found a faded altar of an unknown god.
  1479 | D:2      | Reached XP level 4. HP: 33/35 MP: 4/4
  2000 | D:3      | Found a bloodstained altar of Trog.
  2000 | D:3      | Noticed an orc warrior
  2386 | D:3      | Splashed by a jelly's acid

Illustrated notes

Levels and vault maps discovered:
D:1:      spicycebolla_arrival_xxxplode, layout_loops_corners,
          chequers_ecumenical_altar_simple_redux
D:2:      layout_loops_cross, minmay_tetromino_s4
D:3:      layout_basic, lemuel_round_altar, mainiacjoe_overflow_two_lobes,
          minmay_lizard_king
D:4:      layout_basic, grunt_temple_overflow_order_and_chaos_1

Skill      XL: |  1  2  3  4 |
---------------+-------------+-----
Axes           | 2 3 |  3.1
Armour         | 3 |  3.1
Shields        | 3 |  3.0
Fighting       | |  3.4
Dodging        | |  0.5
Stealth        | |  0.1

Action                   |  1- 3 |  4- 6 || total
-------------------------+-------+-------++-------
Melee: War axe           |    95 |    36 ||   131
Throw: Stone             |     4 |       ||     4
  Use: Scroll            |     5 |     2 ||     7
       Potion            |       |     1 ||     1
Armor: Scale mail        |    45 |     2 ||    47
       Chain mail        |       |    19 ||    19
Dodge: Dodged            |    37 |    16 ||    53
Block: Buckler           |    35 |    17 ||    52

Table legend: (Time is in decaauts)
 A = Elapsed time spent in this place.
 B = Non-inter-level travel time spent in this place.
 C = Inter-level travel time spent in this place.
 D = Time resting spent in this place.
 E = Time spent auto-exploring this place.
 F = Levels seen in this place.
 G = Mean time per level.
                   A        B        C        D        E       F      G
               +--------+--------+--------+--------+--------+-----+--------+
         Total |   2451 |   2396 |     55 |    215 |   1332 |   4 |  612.8 |
       Dungeon |   2451 |   2396 |     55 |    215 |   1332 |   4 |  612.8 |
               +--------+--------+--------+--------+--------+-----+--------+

Top non-repeatable levels by time:
     D:1: 1150 daAuts
     D:2: 895 daAuts
     D:3: 403 daAuts
     D:4: 1 daAuts
